 Dungeon Crawl Stone Soup version 0.31-a0-744-gbc345e7fcb (webtiles) character file.

Game seed: 8746191692483517543

84 Dittersdorf the Covered (level 4, -2/29 HPs)
             Began as a Gargoyle Fighter on Sept 13, 2023.
             Slain by a sleepcap (5 damage)
             ... on level 3 of the Dungeon.
             The game lasted 00:01:35 (1492 turns).

Dittersdorf the Covered (Gargoyle Fighter)          Turns: 1492, Time: 00:01:35

Health: -2/29      AC: 11    Str: 22    XL:     4   Next: 45%
Magic:  4/4        EV:  8    Int:  8    God:
Gold:   76         SH:  8    Dex:  9    Spells: 3/3 levels left

rFire   . . .        a - +0 flail
rCold   . . .        i - +0 kite shield
rNeg    + . .        b - +0 scale mail
rPois   ∞            (no helmet)
rElec   +            h - +0 cloak
rCorr   .            (no gloves)
SInv    +            (no boots)
Will    .....        (no amulet) Stlth
                     k - ring of see invisible
HPRegen 0.24/turn    (no ring)
MPRegen 0.09/turn

%: no passive effects
@: no status effects
A: sickness immunity, AC +3, negative energy resistance 1, electricity
resistance, torment resistance 1, petrification resistance
a: no special abilities


You were on level 3 of the Dungeon.
You visited 1 branch of the dungeon, and saw 3 of its levels.

You collected 76 gold pieces.

Inventory:

Hand Weapons
 a - a +0 flail (weapon)
Armour
 b - a +0 scale mail (worn)
 h - a +0 cloak (worn)
 i - a +0 kite shield (worn)
Jewellery
 k - a ring of see invisible (left hand)
Scrolls
 c - 2 scrolls of immolation {unknown}
 f - 2 scrolls of revelation {unknown}
 m - a scroll of enchant weapon {unknown}
 o - a scroll of fear {unknown}
Potions
 d - 2 potions of might
 e - a potion of brilliance {unknown}
 g - a potion of berserk rage {unknown}
 j - a potion of heal wounds {unknown}
 l - a potion of invisibility {unknown}
 n - a potion of mutation {unknown}


   Skills:
 + Level 4.0 Fighting
 + Level 2.8 Maces & Flails
 + Level 4.0 Armour
 + Level 3.9 Shields


You had 3 spell levels left.
You didn't know any spells.
Your spell library contained the following spells:

 Spells                   Type           Power      Damage    Failure   Level
 Gell's Gravitas          Tloc           0%         N/A       100%        3
 Teleport Other           Tloc           0%         N/A       100%        3
 Dispersal                Tloc           0%         N/A       100%        6


Dungeon Overview and Level Annotations

Branches:
Dungeon (3/15)

Altars:
Sif Muna
The Shining One


Innate Abilities, Weirdness & Mutations

You are immune to sickness and miasma.
Your stone body is resilient. (AC +3)
You are immune to poison.
You resist negative energy. (rN+)
You are resistant to electric shocks. (rElec)
You are resistant to unholy torment.
You are immune to petrification.


Message History

You hit the iguana.
The iguana is moderately wounded.
The iguana barely misses you. You block the worm's attack.
You sock the iguana!
The iguana is almost dead.
You block the iguana's attack. The iguana bites you!
The worm bites you but does no damage.
You are too injured to fight recklessly!
You are too injured to fight recklessly!
You are too injured to fight recklessly!
You are too injured to fight recklessly!
You are too injured to fight recklessly!
You are too injured to fight recklessly!
You are too injured to fight recklessly!
You are too injured to fight recklessly!
You are too injured to fight recklessly!
You are too injured to fight recklessly!
You are too injured to fight recklessly!
You are too injured to fight recklessly!
You are too injured to fight recklessly!
You are too injured to fight recklessly!
You are too injured to fight recklessly!
You are too injured to fight recklessly!
You are too injured to fight recklessly!
You are too injured to fight recklessly!
You are too injured to fight recklessly!
You closely miss the iguana.
The iguana is almost dead.
The iguana bites you.
* * * LOW HITPOINT WARNING * * *
You hit the iguana.
You kill the iguana!
The worm bites you.
* * * LOW HITPOINT WARNING * * *
The sleepcap releases spores at you but does no damage.
Your Fighting skill increases to level 4!
Your Armour skill increases to level 4!
You hit the sleepcap but do no damage. The worm barely misses you.
The sleepcap releases spores at you.
You die...

...........≈..≈.≈..≈..
#..........≈≈.....≈≈..#
..............._......#
..#.#....).≈≈.....≈≈..#
..#.#......≈..≈.≈..≈..# .
......##.†.≈≈.≈≈...#
...#...###.......[.#
........# ###..##w###
..##....# ##.f@.# ###...#
##.#########
#.#..##..........##
..#......<.......##
#.##..............#
..#####.##.........)....#
........................#
#.######.#...............#
#.######.##..............#


You could see a sleepcap and a worm.

Vanquished Creatures
  An iguana (D:3)
  An adder (D:2)
  4 dart slugs
  5 ball pythons
  2 endoplasms
  3 giant cockroaches (D:1)
  A goblin (D:2)
  4 hobgoblins
  2 quokkas
  4 bats (D:2)
  5 frilled lizards
  3 kobolds
  7 rats
42 creatures vanquished.

Notes
Turn   | Place    | Note
-------+----------+-------------------------------------------
     0 | D:1      | Dittersdorf the Gargoyle Fighter began the quest for the
                  | Orb.
     0 | D:1      | Reached XP level 1. HP: 14/14 MP: 1/1
   432 | D:1      | Reached XP level 2. HP: 19/19 MP: 2/2
   732 | D:1      | Reached XP level 3. HP: 23/23 MP: 3/3
  1218 | D:2      | Found a glowing golden altar of the Shining One.
  1415 | D:3      | Found a shimmering blue altar of Sif Muna.
  1481 | D:3      | Reached XP level 4. HP: 27/29 MP: 4/4
  1492 | D:3      | Slain by a sleepcap

Illustrated notes

Levels and vault maps discovered:
D:1:      saegor_arrival_simple_e, layout_loops_corners
D:2:      layout_basic, basic_altar, serial_park_tiny_1
D:3:      layout_rooms, mainiacjoe_overflow_small_starburst, st_stairs_2,
          eino_tiny_chamber

Skill      XL: |  1  2  3  4 |
---------------+-------------+-----
Fighting       | 4 |  4.0
Armour         | 4 |  4.0
Maces & Flails | |  2.8
Shields        | |  3.9

Action                     |  1- 3 |  4- 6 || total
---------------------------+-------+-------++-------
  Melee: Flail             |   137 |    12 ||   149
 Armour: Scale mail        |    90 |    10 ||   100
  Dodge: Dodged            |    50 |     4 ||    54
  Block: Buckler           |     9 |       ||     9
         Kite shield       |    39 |     7 ||    46

Table legend: (Time is in decaauts)
 A = Elapsed time spent in this place.
 B = Non-inter-level travel time spent in this place.
 C = Inter-level travel time spent in this place.
 D = Time resting spent in this place.
 E = Time spent auto-exploring this place.
 F = Levels seen in this place.
 G = Mean time per level.
                   A        B        C        D        E       F      G
               +--------+--------+--------+--------+--------+-----+--------+
         Total |   1546 |   1528 |     18 |     31 |   1132 |   3 |  515.3 |
       Dungeon |   1546 |   1528 |     18 |     31 |   1132 |   3 |  515.3 |
               +--------+--------+--------+--------+--------+-----+--------+

Top non-repeatable levels by time:
     D:1: 917 daAuts
     D:2: 505 daAuts
     D:3: 123 daAuts
